 Dungeon Crawl Stone Soup version 0.29-a0-1043-g569b05d6ff (webtiles) character file.

Game seed: 1515812717475885700

139 Newt the Cutter (level 5, 0/38 HPs)
             Began as a Demonspawn Gladiator on Aug 15, 2022.
             Succumbed to a scorpion's poison
             ... on level 2 of the Dungeon.
             The game lasted 00:04:06 (2407 turns).

Newt the Cutter (Demonspawn Gladiator)              Turns: 2407, Time: 00:04:07

Health: 0/38       AC:  5    Str: 16    XL:     5   Next: 1%
Magic:  5/5        EV: 12    Int:  9    God:
Gold:   129        SH:  0    Dex: 15    Spells: 4/4 levels left

rFire   . . .      SeeInvis .   a - +0 rapier
rCold   . . .      Faith    .   (no shield)
rNeg    . . .      Spirit   .   b - +0 leather armour
rPois   .          Reflect  .   q - +1 helmet
rElec   .          Harm     .   (no cloak)
rCorr   .          Rampage  .   (no gloves)
Will    .....                   (no boots)
Stlth   ++........              (no amulet)
HPRegen 0.12/turn               (no ring)
MPRegen 0.09/turn               (no ring)

@: lethally poisoned (0 -> -18), hasted, very quick
A: demonic guardian 1
a: no special abilities


You were on level 2 of the Dungeon.
You visited 1 branch of the dungeon, and saw 3 of its levels.

You collected 129 gold pieces.

Inventory:

Hand Weapons
 a - a +0 rapier (weapon)
Missiles
 d - a throwing net
 e - a javelin
 j - 26 stones (quivered)
Armour
 b - a +0 leather armour (worn)
 c - a +0 helmet
 q - a +1 helmet (worn)
Scrolls
 g - a scroll of enchant armour {unknown}
 k - a scroll of identify {unknown}
 l - a scroll of poison {unknown}
 o - a scroll of fog {unknown}
 p - a scroll of teleportation {unknown}
Potions
 f - a potion of degeneration {unknown}
 h - a potion of flight {unknown}
 i - a potion of haste
 m - a potion of curing {unknown}
 n - a potion of cancellation {unknown}
 r - a potion of berserk rage {unknown}


   Skills:
 - Level 2.0 Fighting
 + Level 4.8 Short Blades
 - Level 1.7 Throwing
 - Level 2.6 Dodging
 - Level 2.0 Stealth


You had 4 spell levels left.
You didn't know any spells.
Your spell library contained the following spells:

 Spells                   Type           Power      Damage    Failure   Level
 Stone Arrow              Conj/Erth      0%         3d7       83%         3
 Animate Armour           Summ/Erth      0%         N/A       99%         4
 Lehudib's Crystal Spear  Conj/Erth      0%         10d2      100%        8


Dungeon Overview and Level Annotations

Branches:
Dungeon (3/15)

Altars:
Qazlal


Innate Abilities, Weirdness & Mutations

A weak demonic guardian rushes to your aid.


Message History

There is a stone staircase leading up here.
The scorpion barely misses you.
You climb upwards.
There is a stone staircase leading down here.
You closely miss the scorpion. The scorpion completely misses you.
You completely miss the scorpion. The scorpion stings you.
You are poisoned.
The scorpion poisons you!
You hit the scorpion but do no damage.
You feel sick.
The scorpion stings you but does no damage.
You barely miss the scorpion.
You feel sick.
The scorpion stings you but does no damage.
You hit the scorpion.
The scorpion is lightly wounded.
You feel sick. The scorpion stings you. The scorpion barely misses you.
You closely miss the scorpion.
The scorpion is lightly wounded.
You feel sick. The scorpion stings you.
A demonic guardian appears!
You are more poisoned.
The scorpion poisons you!
You hit the scorpion but do no damage.
The scorpion is lightly wounded.
You feel very sick.
The scorpion stings you but does no damage.
You swap places.
You feel very sick. The scorpion stings you.
* * * LOW HITPOINT WARNING * * *
You are more poisoned.
The scorpion poisons you!
Your shadow imp hits the scorpion.
The scorpion attacks as you move away! The scorpion closely misses you.
* * * LOW HITPOINT WARNING * * *
You feel very sick.
Your shadow imp hits the scorpion.
Throw: 26 stones
Press: ? - help, Q - select action, (/) - cycle Shift-Dir - straight line, f - scorpion
Aim: a scorpion (heavily wounded, ally target, 59% to hit)
Okay, then.
It was a potion of haste.
You feel yourself speed up.
You die...

.♣÷♣...........# #.#..#
#####.####...#.# #.##.#
#...#..........######.##.#
#...♣.................##.#
'.8.'.###...#..#########.#
#...♣.......#..# #.#
#...#..###..#..# #.#
#####..........#########.#
.♣÷♣..##.#.###5s@........#
♣♣♣♣.....#.# #.########..#
.....###.#.# #...........#
.#########.# ###########.#
...........# #.#
.........### #.#
########.# ###.# #.# #...#
########.# #.#.#


You could see a scorpion (ally target) and a friendly shadow imp (summoned).

Vanquished Creatures
  Natasha (twice) (D:2)
  A gnoll (D:1)
  2 worms (D:2)
  4 dart slugs
  3 ball pythons
  10 bats
  5 endoplasms
  2 goblins (D:2)
  A hobgoblin (D:2)
  4 kobolds
  A quokka (D:2)
  3 frilled lizards (D:1)
  4 rats
42 creatures vanquished.

Vanquished Creatures (collateral kills)
  Natasha (D:2)
  A hobgoblin (D:1)
  2 kobolds (D:1)
  A rat (D:2)
5 creatures vanquished.

Vanquished Creatures (others)
  4 plants (D:2)
4 creatures vanquished.

Grand Total: 51 creatures vanquished

Notes
Turn   | Place    | Note
-------+----------+-------------------------------------------
     0 | D:1      | Newt the Demonspawn Gladiator began the quest for the Orb.
     0 | D:1      | Reached XP level 1. HP: 16/16 MP: 1/1
    47 | D:1      | Reached skill level 1 in Stealth
   117 | D:1      | Gained mutation: A weak demonic guardian rushes to your
                  | aid. [demonic ancestry]
   117 | D:1      | Reached XP level 2. HP: 22/22 MP: 2/2
   453 | D:1      | Reached skill level 3 in Short Blades
   568 | D:1      | Reached XP level 3. HP: 19/27 MP: 3/3
  1091 | D:2      | Noticed Natasha
  1096 | D:2      | Killed Natasha
  1199 | D:2      | Reached XP level 4. HP: 33/33 MP: 4/4
  1216 | D:2      | Reached skill level 4 in Short Blades
  1321 | D:2      | Noticed Natasha
  1340 | D:2      | Killed Natasha
  1962 | D:2      | Found a faded altar of an unknown god.
  2147 | D:2      | Noticed Natasha
  2156 | D:2      | Killed Natasha
  2157 | D:2      | Reached XP level 5. HP: 22/38 MP: 5/5
  2368 | D:3      | Found a stormy altar of Qazlal.
  2407 | D:2      | Succumbed to a scorpion's poison

Illustrated notes

Levels and vault maps discovered:
D:1:      evilmike_arrival_fibonacci_small, layout_basic
D:2:      layout_basic, dilly_ecumenical_altar_fadedgnrine,
          kennysheep_generic_room_11, uniq_natasha
D:3:      layout_loops_cross, mainiacjoe_overflow_six_doors_small,
          lemuel_coloured_pillars_altar, minmay_ruptured, uniq_robin

Skill      XL: |  1  2  3  4 |
---------------+-------------+-----
Stealth        | 1 2 |  2.0
Short Blades   | 3 4 |  4.8
Fighting       | |  2.0
Throwing       | |  1.7
Dodging        | |  2.6

Action                   |  1- 3 |  4- 6 || total
-------------------------+-------+-------++-------
Melee: Rapier            |    82 |    71 ||   153
       Punch             |     1 |       ||     1
Throw: Javelin           |     2 |     1 ||     3
       Throwing net      |       |     2 ||     2
       Stone             |       |     1 ||     1
  Use: Potion            |       |     1 ||     1
 Stab: Sleeping          |     1 |     2 ||     3
       Distracted        |     1 |       ||     1
Armor: Leather armour    |    29 |    17 ||    46
Dodge: Dodged            |    64 |    42 ||   106

Table legend: (Time is in decaauts)
 A = Elapsed time spent in this place.
 B = Non-inter-level travel time spent in this place.
 C = Inter-level travel time spent in this place.
 D = Time resting spent in this place.
 E = Time spent auto-exploring this place.
 F = Levels seen in this place.
 G = Mean time per level.
                   A        B        C        D        E       F      G
               +--------+--------+--------+--------+--------+-----+--------+
         Total |   2422 |   2368 |     54 |    381 |   1552 |   3 |  807.3 |
       Dungeon |   2422 |   2368 |     54 |    381 |   1552 |   3 |  807.3 |
               +--------+--------+--------+--------+--------+-----+--------+

Top non-repeatable levels by time:
     D:1: 1235 daAuts
     D:2: 1155 daAuts
     D:3: 31 daAuts
